 Dungeon Crawl Stone Soup version 0.31-a0-971-g75a2e9a (webtiles) character file.

Game seed: 17764172689299034941

3032425 Shifty the Conqueror (level 27, 224/224 HPs)
             Began as a Vampire Fighter on Oct 28, 2023.
             Was the Champion of Jiyva.
             Escaped with the Orb
             ... and 5 runes!
             The game lasted 02:25:49 (79860 turns).

Shifty the Conqueror (Vampire Fighter)             Turns: 79860, Time: 02:25:49

Health: 224/224    AC: 46    Str: 28    XL:     27
Magic:  18/18      EV:  8    Int:  9    God:    Jiyva [******]
Gold:   4836       SH: 23    Dex: 13    Spells: 26/26 levels left

rFire   + + +        U - +9 demon trident (vamp)
rCold   + . .        a - +5 kite shield {reflect}
rNeg    + . .        M - +9 scales of the Dragon King {rPois rF+ rC+ Will+}
rPois   +            (helmet unavailable)
rElec   +            T - +1 cloak
rCorr   +            H - +2 pair of gloves {Str+3}
SInv    +            W - +3 pair of mountain boots {steadfast, rC+}
Will    +++..        I - amulet of regeneration Stlth
                     b - ring of Satisfaction {Fly rElec rF+ Slay+3}
HPRegen 3.17/turn    K - ring of Jozatsih {rF+ rN+}
MPRegen 0.66/turn

%: random rage (3%), reflection
@: flying, healing quickly
A: alive, fangs 3, see invisible, vampiric 2, horns 3, iridescent scales 3, thin
skeletal structure 1, berserk 1, clumsy 2, deformed body, deterioration 1, dopey
2, fire resistance 2, frail 1, low MP 2, screaming 2, electricity resistance,
pseudopods 1, tendrils, no potion heal 1, cold vulnerability 1, inability to
drink after injury 2, inability to read after injury 2
0: Orb of Zot
}: 5/15 runes: decaying, serpentine, slimy, silver, abyssal
a: Exsanguinate, Renounce Religion, Oozemancy, Slimify


You escaped.
You worshipped Jiyva.
Jiyva was exalted by your worship.
You visited 11 branches of the dungeon, and saw 55 of its levels.
You visited the Abyss 8 times.
You also visited: Ossuary, Ice Cave and Volcano.

You collected 10423 gold pieces.
You spent 5587 gold pieces at shops.

Inventory:

Hand Weapons
 N - a +9 heavy demon trident
 U - a +9 vampiric demon trident (weapon)
Armour
 a - a +5 kite shield of reflection (worn)
 G - the -2 hat of the Alchemist {rElec rPois rF+ rC+ rN+ Will+ rMut rCorr}
   (You bought it in a shop on level 7 of the Dungeon)

   rF+:       It protects you from fire.
   rC+:       It protects you from cold.
   rElec:     It insulates you from electricity.
   rPois:     It protects you from poison rN+: It protects you from negative
   energy.
   Will+:     It increases your willpower.
   rCorr:     It protects you from acid and corrosion.
   rMut:      It protects you from mutation.
 H - a +2 pair of gloves of strength (worn)
 M - the +9 scales of the Dragon King (worn) {rPois rF+ rC+ Will+}
   (You bought it in a shop on level 7 of the Dungeon)

   rF+:       It protects you from fire.
   rC+:       It protects you from cold.
   rPois:     It protects you from poison Will+: It increases your willpower.
 T - a +1 cloak (worn)
 W - the +3 pair of mountain boots (worn) {steadfast, rC+}
   (You found it on level 3 of the Crypt)

   Steadfast: It prevents involuntary movement, except for blinking,
   teleportation, or banishment.
   rC+:       It protects you from cold.
Jewellery
 b - the ring of Satisfaction (left hand) {Fly rElec rF+ Slay+3}
   (You found it on level 2 of the Depths)

   [ring of flight]

   Slay+3:    It affects your accuracy & damage with ranged weapons and melee
   (+3).
   rF+:       It protects you from fire.
   rElec:     It insulates you from electricity.
   Fly:       It grants you flight.
 I - an amulet of regeneration (around neck)
 K - the ring of Jozatsih (right hand) {rF+ rN+}
   (You found it on level 3 of the Crypt)

   [ring of positive energy]

   rF+:       It protects you from fire.
   rN+:       It protects you from negative energy.
Wands
 f - a wand of polymorph (26)
 g - a wand of mindburst (74)
 u - a wand of charming (50)
 w - a wand of roots (53)
 F - a wand of light (16)
 J - a wand of flame (105)
 O - a wand of digging (17)
Scrolls
 h - 13 scrolls of fear
 j - a scroll of vulnerability
 k - 5 scrolls of butterflies
 p - 9 scrolls of fog
 x - a scroll of blinking
 y - 11 scrolls of poison
 C - 6 scrolls of revelation
 D - 7 scrolls of immolation
 E - 16 scrolls of teleportation
 Q - 3 scrolls of silence
Potions
 c - 5 potions of mutation
 d - 8 potions of might
 i - 3 potions of resistance
 l - 12 potions of curing
 m - 5 potions of ambrosia
 s - 4 potions of enlightenment
 z - 4 potions of heal wounds
 B - 7 potions of haste
 L - 4 potions of lignification
 R - 2 potions of cancellation
 S - 6 potions of invisibility
Miscellaneous
 e - a sack of spiders (inert)
 o - a lightning rod (4/4)
 Y - a phantom mirror (inert)


   Skills:
 O Level 27 Fighting
 O Level 27 Polearms
 + Level 23.9 Armour
 + Level 2.1 Dodging
 + Level 8.3 Stealth
 O Level 27 Shields
 + Level 1.4 Unarmed Combat
 + Level 4.1 Evocations


You had 26 spell levels left.
You didn't know any spells.
Your spell library contained the following spells:

 Spells                   Type           Power      Damage    Failure   Level
 Apportation              Tloc           0%         N/A       97%         1
 Magic Dart               Conj           0%         1d3       97%         1
 Necrotise                Necr           0%         1d4       97%         1
 Summon Small Mammal      Summ           0%         N/A       97%         1
 Call Imp                 Summ           0%         N/A       99%         2
 Lesser Beckoning         Tloc           0%         N/A       99%         2
 Static Discharge         Conj/Air       0%         3-3/arc   99%         2
 Sublimation of Blood     Necr           0%         N/A       99%         2
 Wereblood                Tmut           0%         N/A       99%         2
 Gell's Gravitas          Tloc           0%         N/A       100%        3
 Mephitic Cloud           Conj/Pois/Air  0%         N/A       100%        3
 Teleport Other           Tloc           0%         N/A       100%        3
 Airstrike                Air            0%         2d(0-16)  100%        4
 Olgreb's Toxic Radiance  Pois           0%         N/A       100%        4
 Summon Lightning Spire   Summ/Air       0%         N/A       100%        4
 Vhi's Electric Charge    Tloc/Air       0%         N/A       100%        4
 Arcjolt                  Conj/Air       0%         1d10      100%        5
 Summon Forest            Summ/Tloc      0%         N/A       100%        5
 Eringya's Noxious Bog    Tmut/Pois      0%         4d6       100%        6
 Plasma Beam              Fire/Air       0%         2x1d10    100%        6
 Summon Hydra             Summ           0%         N/A       100%        7
 Discord                  Hex            0%         N/A       100%        8
 Ignition                 Fire           0%         3d3       100%        8


Dungeon Overview and Level Annotations

Branches:
Dungeon (15/15)            Temple (0/1) D:7            Lair (5/5) D:11
  Swamp (4/4) Lair:3        Snake (4/4) Lair:3        Slime (5/5) Lair:4
    Orc (2/2) D:9             Elf (3/3) Orc:2        Vaults (5/5) D:14
  Crypt (3/3) Vaults:3       Tomb (0/3) Crypt:3      Depths (4/4) D:15
    Zot (5/5) Depths:4    Ossuary (visited)           IceCv (visited)
Volcano (visited)

Altars:
Cheibriados
Fedhas
Gozag
Hepliaklqana
Kikubaaqudgha
Makhleb
Nemelex Xobeh
Okawaru
Qazlal
Ru
Trog
Uskayaw
Vehumet
Wu Jian
Yredelemnul
Jiyva

Shops:
D:4 (   D:5 (   D:7 [[**[   D:9 =   Orc:2 :*[(   Elf:1 *?   Elf:3 :
Snake:2 :==   Vaults:3 =   Vaults:4 (   Depths:3 *   Depths:4 !(

Portals:
Hell: Depths:1 Depths:2 Depths:3 Depths:4
Abyss: Depths:2 Depths:3
Pandemonium: Depths:2 Depths:4
Ziggurat: Depths:2
Trove: D:13 (show abyssal rune of Zot)

Annotations:
D:15 1 transporter
Slime:5 Royal Jelly
Zot:5 4 transporters


Innate Abilities, Weirdness & Mutations

Your natural rate of healing is accelerated.
You have razor-sharp teeth.
You have supernaturally acute eyesight. (SInv)
You are afflicted with vampirism and can become a bat while bloodless.
You have a pair of large horns on your head.
You are completely covered in iridescent scales. (AC +6)
You have a somewhat thin skeletal structure. (Dex +2, Stealth+)
You sometimes lose your temper in combat.
You are very clumsy. (Dex -4)
Armour fits poorly on your strangely shaped body.
Your body sometimes deteriorates upon taking damage.
You are very dopey. (Int -4)
Your flesh is very heat resistant. (rF++)
You are frail. (-10% HP)
Your magical capacity is very low. (-20% MP)
You frequently scream uncontrollably at your foes.
You are resistant to electric shocks. (rElec)
Armour fits poorly on your pseudopods.
You are covered in slimy tendrils that may disarm your opponents.
Potions are less effective at restoring your health.
You are vulnerable to cold. (rC-)
You sometimes lose the ability to drink potions when taking damage.
You sometimes lose the ability to read scrolls when taking damage.


Message History

What level of the Dungeon? (default 1, ? - help)
A shadow demon comes into view.
Things that are here:
a +0 whip; a +0 dagger A demonspawn corrupter comes into view.
It is wielding a +3 glaive.
The demonspawn corrupter shouts!
The shadow demon gives a loud, deep croak!
There is a stone staircase leading up, spattered with blood here.
You fly upwards.
There is a stone staircase leading down here.
What level of the Dungeon? (default 1, ? - help)
You feel yourself speed up.
You see here a +0 hand axe.
There is a stone staircase leading up here.
You fly upwards.
There is a stone staircase leading down here.
You recover from your berserk rage.
There is a stone staircase leading up here.
You fly upwards.
There is a stone staircase leading down here.
There is a stone staircase leading up here.
You fly upwards.
There is a stone staircase leading down here.
You see here a +0 whip.
You see here a +0 dagger.
There is a stone staircase leading up here.
You fly upwards.
There is a stone staircase leading down here.
Things that are here:
a +0 ring mail; a +0 dagger; an orc skeleton
Things that are here:
4 stones; a +0 club
There is a stone staircase leading up here.
You fly upwards.
There is a stone staircase leading down here.
There is a stone staircase leading up here.
You fly upwards.
There is a stone staircase leading down here.
There is a staircase leading out of the dungeon here.
You have escaped!

'..# ##..........#......###.....
##### #.#......#.#......#.######.
....# #..#......#......#..# ##
....# #...#....#.#.#..#...# #
....# #....#..#...#..#....# ####
....###.....##...#.##.....####...
###..##.....#...#...#.....#......
##.##..#.#...#.....#....†......
#......#...#.@...#.#...#....##
####..#.#.#.#...#...#..#....#
#.#...#...#.#.#.....######
#....#.#...#...#....#
#...#...#...#...#...#
#..#)....#.......#..#
#.#.......#.......#.#
##.................##
##############.#########


There were no monsters in sight!

Vanquished Creatures
  4 dread liches
  9 orbs of fire
  5 ancient liches
  Mara (Vaults:5)
  3 juggernauts
  Josephina (Zot:1)
  Vv (Zot:2)
  Margery (Crypt:2)
  2 Killer Klowns
  Bai Suzhen (Crypt:1)
  The ghost of Tosh the Hoplite, a veteran HOFi of Beogh (Depths:2)
  Vashnia (Snake:2)
  Xtahua (Crypt:2)
  2 curse toes (Zot:3)
  4 caustic shrikes (Depths:4)
  18 golden dragons
  A pandemonium lord (Zot:5)
  Jory (Crypt:2)
  5 profane servitors
  Nikola (Vaults:1)
  13 bone dragons
  6 hellephants
  2 Tzitzimimeh
  3 electric golems
  5 Hell Sentinels
  Rupert (Lair:5)
  28 Orb Guardians
  21 tentacled monstrosities
  13 liches
  2 shard shrike skeletons
  10 sphinxes
  4 deep elf blademasters
  6 quicksilver dragons
  2 deep elf master archers (Elf:3)
  2 titans
  2 walking divine tomes
  3 thorn hunters
  7 death cobs
  69 tentacled starspawn
  4 ancient champions
  12 shadow dragons
  Kirke (D:13)
  2 nagarajas
  3 Executioners
  9 draconian monks
  7 revenants
  6 tengu reavers
  3 fenstrider witches
  4 draconian knights
  11 fire giants
  15 storm dragons
  2 daevas
  2 iron dragons
  20 vault wardens
  2 balrugs (Abyss:5)
  Louise (D:14)
  5 draconian scorchers
  8 deep elf sorcerers
  9 frost giants
  2 ghost moths
  An angel (Abyss:2)
  2 juggernaut zombies
  8 deep elf elementalists
  6 draconian shifters
  13 ironbound preservers
  A caustic shrike zombie (Abyss:4)
  6 reapers
  6 draconian annihilators
  3 orc warlords
  7 ghouls
  A shard shrike simulacrum (Abyss:4)
  4 cacodemons
  3 draconian stormcallers
  A war gargoyle (Vaults:5)
  55 very ugly things
  6 ironbound thunderhulks
  A formless jellyfish (shapeshifter) (Vaults:5)
  4 spriggan defenders
  An ophan (Abyss:4)
  34 stone giants
  A rockslime zombie (Crypt:2)
  5 starflowers
  6 deep elf annihilators
  3 formless jellyfish
  A juggernaut skeleton (Abyss:4)
  5 white draconians
  10 deep elf demonologists
  4 lorocyprocas
  4 bunyips
  5 vampire knights
  The ghost of Nuemoom the Grappler, a journeyman TrSh of Dithmenos (Lair:3)
  11 green draconians
  7 eleionomae
  3 spark wasps (Depths:3)
  5 dire elephants
  11 purple draconians
  9 black draconians
  15 yellow draconians
  8 red draconians
  Snorg (D:13)
  13 deep elf death magi
  4 green deaths
  The ghost of Egepnuer the Fighter, a journeyman HOFi of Gozag (Orc:1)
  A bunyip (shapeshifter) (Vaults:5)
  3 eidola
  10 ettins
  A fire dragon (shapeshifter) (Vaults:5)
  14 jiangshi
  A mummy priest (Crypt:3)
  2 deep elf high priests (Elf:3)
  7 blizzard demons
  A crystal guardian (Abyss:6)
  2 shambling mangroves (Abyss:5)
  9 fire dragons
  7 salamander tyrants
  16 yaktaur captains
  2 caustic shrike simulacra (IceCv)
  3 great orbs of eyes
  4 catoblepae
  7 ironbound frosthearts
  12 rakshasas
  35 vault guards
  8 hydras
  2 spriggan skeletons
  12 death knights
  5 spriggan air magi
  7 ghost crabs
  A catoblepas (shapeshifter) (Vaults:5)
  5 boulder beetles
  A jorogumo (shapeshifter) (Vaults:5)
  5 ice dragons
  4 centaur warriors
  9 alligators
  12 anacondas
  14 naga warriors
  An ogre mage (Vaults:3)
  A two-headed ogre (shapeshifter) (Elf:2)
  34 dancing weapons
  2 sphinx skeletons
  10 death yaks
  6 two-headed ogres
  6 deep troll shamans
  8 tengu warriors
  3 vampire magi
  7 demonic crawlers
  8 deep troll earth magi
  6 orc high priests
  14 hell hogs
  2 titan zombies (Abyss:4)
  32 naga sharpshooters
  10 shock serpents
  80 thrashing horrors
  16 deep elf knights
  11 spriggan berserkers
  5 occultists
  2 soul eaters
  9 hell knights
  13 iron trolls
  11 sun demons
  58 wretched stars
  A death drake (Abyss:5)
  3 goliath frogs
  A goliath frog (shapeshifter) (Elf:3)
  7 shadow wraiths
  10 sixfirhies
  3 skysharks
  5 salamander mystics (Snake:4)
  A spectral bunyip (Swamp:4)
  31 skeletal warriors
  3 swamp dragons
  A quicksilver dragon simulacrum (Zot:1)
  2 spriggan druids
  6 spatial maelstroms
  4 shadow demons
  35 deep trolls
  9 naga ritualists
  2 orb spiders
  A bunyip zombie (Crypt:1)
  12 deep elf archers
  4 glowing orange brains
  10 flayed ghosts
  A spriggan simulacrum (Abyss:4)
  2 obsidian statues (IceCv)
  2 arcanists (Vaults:2)
  3 spectral hydras (Swamp:4)
  17 bog bodies
  12 ironbound convokers
  7 lindwurms
  274 starcursed masses
  11 harpies
  24 deep elf zephyrmancers
  7 orc knights
  9 phantasmal warriors
  7 mana vipers
  5 alligator zombies (Swamp:4)
  A fenstrider witch simulacrum (Crypt:1)
  An iron giant skeleton (Abyss:5)
  A harpy (shapeshifter) (Vaults:5)
  An anaconda skeleton (Abyss:2)
  33 deep elf pyromancers
  13 necromancers
  2 mana vipers (shapeshifter)
  50 ugly things
  20 cyclopes
  An iron dragon zombie (Crypt:1)
  2 human zombies
  8 orc sorcerers
  A tengu skeleton (Vaults:3)
  8 will-o-the-wisps
  A faun (Abyss:5)
  24 moths of wrath
  A manticore (Abyss:5)
  A faun (shapeshifter) (Vaults:5)
  An oklob plant (Lair:5)
  A shadow dragon skeleton (Crypt:1)
  23 worldbinders
  16 salamanders
  159 large abominations
  2 dire elephant zombies
  9 apocalypse crabs
  16 elephants
  37 naga magi
  A black mamba (shapeshifter) (Abyss:2)
  A merfolk siren (Abyss:5)
  6 guardian serpents
  2 rust devils (Abyss:2)
  38 black mambas
  A torpor snail (shapeshifter) (Vaults:5)
  2 water nymphs (Abyss:5)
  A gargoyle (Volcano)
  A storm dragon simulacrum (Zot:1)
  2 unseen horrors
  11 cane toads
  15 vault sentinels
  A cane toad (shapeshifter) (Abyss:5)
  3 hellions
  8 orange demons
  38 smoke demons
  An alligator snapping turtle zombie (Abyss:2)
  3 swamp worm zombies (Swamp:4)
  2 rime drakes (Lair:3)
  17 freezing wraiths
  4 kobold demonologists
  A komodo dragon (shapeshifter) (Abyss:3)
  An unseen horror (shapeshifter) (Vaults:5)
  47 yaktaurs
  2 white draconian zombies
  A pale draconian zombie (Crypt:2)
  7 efreet
  14 komodo dragons
  A minotaur skeleton (Crypt:2)
  5 tormentors
  39 ancient zymes
  3 ice devils (Abyss:2)
  A minotaur zombie (D:11)
  4 hydra zombies
  An anaconda simulacrum (IceCv)
  2 golden dragon simulacra (IceCv)
  4 tengu conjurers
  A white draconian skeleton (Crypt:1)
  A yellow draconian skeleton (Crypt:1)
  A guardian mummy (Crypt:3)
  19 trolls
  2 red devils
  2 silent spectres
  A bloated husk (Swamp:1)
  A harpy zombie (Abyss:5)
  17 hellwings
  33 hornets
  17 polar bears
  10 tyrant leeches
  15 dream sheep
  38 blink frogs
  A raiju (shapeshifter) (Elf:2)
  A glass eye (Depths:2)
  An ettin zombie (Vaults:5)
  A stone giant simulacrum (Abyss:4)
  4 harpy skeletons
  104 raiju
  A meliai zombie (D:11)
  42 slime creatures
  Sigmund (D:2)
  A glass eye (shapeshifter) (Vaults:1)
  A frost giant simulacrum (Vaults:5)
  16 air elementals
  A centaur simulacrum (D:15)
  82 flying skulls
  5 shadows
  53 yaks
  9 water elementals
  A vampire (Abyss:5)
  22 ynoxinuls
  31 spriggans
  A black mamba zombie (Crypt:1)
  2 dire elephant simulacra
  2 ice dragon skeletons (Abyss:1)
  3 wyverns
  A naga simulacrum (Crypt:3)
  3 basilisks
  14 wraiths
  21 fire bats
  3 hogs (D:13)
  4 fire elementals
  36 neqoxecs
  An alligator snapping turtle simulacrum (Abyss:3)
  2 minotaur simulacra (IceCv)
  74 small abominations
  A redback simulacrum (D:14)
  A steam dragon (D:7)
  9 vampire mosquitoes
  22 chaos spawn
  An elf skeleton (Vaults:5)
  Menkaure (D:4)
  A yaktaur simulacrum (Vaults:5)
  4 harpy simulacra
  3 wargs
  7 spatial vortices
  57 nagas
  2 two-headed ogre zombies (D:11)
  2 acid dragons
  15 swamp worms
  15 water moccasins
  A human simulacrum (Vaults:3)
  5 hydra simulacra (IceCv)
  9 hell hounds
  A glowing shapeshifter skeleton (Crypt:1)
  3 moth of wrath simulacra (Zot:1)
  A swamp drake (Swamp:1)
  A black bear (shapeshifter) (Elf:3)
  A demonspawn skeleton (Crypt:1)
  13 black bears
  22 ogres
  41 orc warriors
  5 swamp dragon zombies (Swamp:4)
  2 ettin simulacra (IceCv)
  An ice beast (Abyss:2)
  4 sky beasts
  A black mamba simulacrum (Crypt:1)
  A naga skeleton (Abyss:5)
  32 wolves
  A cane toad skeleton (Crypt:1)
  4 boggarts
  9 centaurs
  4 phantoms (Swamp:4)
  4 kobold brigands
  2 scorpions (D:6)
  A deep troll simulacrum (IceCv)
  A gnoll sergeant (D:9)
  9 necrophages
  15 bullfrogs
  7 earth elementals
  A hornet simulacrum (D:15)
  6 wights
  11 killer bees
  3 spriggan zombies
  A yak skeleton (Crypt:2)
  2 howler monkeys
  2 vampire bats (Lair:2)
  2 wolf zombies (D:11)
  6 electric eels
  A jelly (D:7)
  7 crimson imps
  10 lava snakes (Volcano)
  6 centaur zombies
  9 quasits
  4 hounds
  2 gnoll boudas
  17 orc priests
  A human skeleton (Crypt:2)
  17 iron imps
  36 orc wizards
  Natasha (twice) (D:2)
  3 iguanas
  6 hell rats
  A spectral swamp drake (Swamp:4)
  A statue (D:9)
  A killer bee zombie (D:11)
  5 hound zombies (Ossuary)
  4 mummies
  14 gnolls
  6 adders
  A swamp drake zombie (Swamp:4)
  A shadow imp (Abyss:4)
  A steam dragon skeleton (Crypt:2)
  12 white imps
  21 ufetubi
  7 adder zombies (Ossuary)
  2 worms
  2 dart slugs
  77 orcs
  4 ball pythons
  7 endoplasms
  6 giant cockroaches
  9 goblins
  9 hobgoblins
  5 jackals
  6 quokkas
  11 bats
  2 frilled lizards
  A gnoll skeleton (Crypt:2)
  3 goblin zombies (Ossuary)
  6 hobgoblin zombies (Ossuary)
  2 jackal zombies (Ossuary)
  35 kobolds
  5 kobold zombies (Ossuary)
  An orc zombie (Ossuary)
  3 quokka zombies (Ossuary)
  4 rats
  2 rat zombies (Ossuary)
  A river rat skeleton (Crypt:1)
  5 lurking horrors
  42 starspawn tentacles
4044 creatures vanquished.

Vanquished Creatures (collateral kills)
  Khufu (Crypt:3)
  A bone dragon (Swamp:4)
  A titan (Vaults:5)
  A tentacled starspawn (Abyss:5)
  A draconian stormcaller (Zot:2)
  A curse skull (Crypt:2)
  5 very ugly things
  2 stone giants
  An ironbound thunderhulk (Vaults:2)
  A mummy priest (Crypt:3)
  A yaktaur captain (Vaults:1)
  A vault guard (Vaults:5)
  An ironbound frostheart (Vaults:2)
  A two-headed ogre (Depths:2)
  A death yak (Lair:3)
  An iron troll (Depths:2)
  A wretched star (Abyss:5)
  6 deep trolls
  A spectral hydra (Swamp:4)
  A phantasmal warrior (D:13)
  2 ironbound convokers (Vaults:1)
  4 harpies
  A cyclops (Depths:2)
  2 yaktaurs
  An elf zombie (Vaults:5)
  A tormentor (Abyss:4)
  A freezing wraith (Crypt:1)
  A red devil (Zot:5)
  6 guardian mummies (Crypt:3)
  A spectral swamp dragon (Swamp:4)
  5 slime creatures (Vaults:2)
  A wraith (D:13)
  2 neqoxecs (Abyss:4)
  3 vampire mosquitoes (Lair:3)
  A black bear (Depths:2)
  2 phantoms (Swamp:4)
  An ogre simulacrum (Vaults:5)
  A crimson imp (Abyss:2)
  3 starcursed masses (Abyss:4)
  A spectral swamp drake (Swamp:4)
  2 starspawn tentacles (Abyss:5)
72 creatures vanquished.

Vanquished Creatures (others)
  5 acid blobs
  Aizul (Snake:4)
  A fenstrider witch (Depths:1)
  A fire giant (Depths:2)
  2 very ugly things
  An ironbound preserver (Vaults:5)
  A green death (Abyss:6)
  A fire dragon (Depths:3)
  16 great orbs of eyes
  A ghost crab (Swamp:4)
  A rakshasa (Abyss:5)
  A dancing weapon (Elf:3)
  3 thrashing horrors
  A hell hog (Abyss:6)
  3 sixfirhies (Abyss:5)
  A spatial maelstrom (Abyss:5)
  A swamp dragon (shapeshifter) (Abyss:4)
  34 glowing orange brains
  A deep troll (shapeshifter) (Abyss:5)
  2 glowing orange brains (shapeshifter)
  A deep elf archer (Elf:3)
  A phantasmal warrior (Swamp:4)
  A bunyip skeleton (Abyss:1)
  An orc sorcerer (Abyss:5)
  6 shining eyes
  A worldbinder (Abyss:4)
  A moth of wrath (Zot:5)
  10 large abominations
  3 eyes of devastation
  An unseen horror (Abyss:4)
  5 smoke demons
  A tormentor (Abyss:2)
  2 ancient zymes (Abyss:6)
  A troll (shapeshifter) (Abyss:2)
  A merfolk (shapeshifter) (Abyss:5)
  2 hellwings
  6 bloated husks
  A glass eye (Abyss:5)
  A blink frog (Abyss:5)
  8 slime creatures
  7 raiju
  A dream sheep (shapeshifter) (Abyss:3)
  A slime creature (shapeshifter) (Abyss:2)
  3 flying skulls
  4 ynoxinuls
  2 spriggans (Swamp:3)
  47 golden eyes
  A fire elemental (Abyss:1)
  4 chaos spawn
  4 neqoxecs
  18 small abominations
  2 phantoms (Swamp:4)
  A wight (Abyss:2)
  A crimson imp (Abyss:1)
  215 jellies
  6 starcursed masses
  An iron imp (Abyss:3)
  An orc wizard (Orc:2)
  A lightning spire (Depths:3)
  A white imp (Abyss:2)
  7 ufetubi
  An endoplasm (Abyss:4)
  4 orcs (Orc:2)
  A kobold (Abyss:2)
  25 foxfires
  12 lurking horrors
  133 starspawn tentacles
636 creatures vanquished.

Grand Total: 4752 creatures vanquished

Notes
Turn   | Place    | Note
-------+----------+-------------------------------------------
     0 | D:1      | Shifty the Vampire Fighter began the quest for the Orb.
     0 | D:1      | Reached XP level 1. HP: 17/17 MP: 1/1
   321 | D:1      | Reached XP level 2. HP: 23/23 MP: 2/2
   355 | D:1      | Found a faded altar of an unknown god.
   369 | D:1      | Prayed at the altar of an unknown god.
   369 | D:1      | Became a worshipper of Trog the Wrathful
   369 | D:1      | Reached * piety under Trog
   939 | D:2      | Noticed Natasha
   949 | D:2      | Killed Natasha
   950 | D:2      | Gained mutation: You are afflicted with vampirism and can
                  | become a bat while bloodless. [Vampire growth]
   950 | D:2      | Reached XP level 3. HP: 20/29 MP: 3/3
  1142 | D:2      | Noticed Sigmund
  1146 | D:2      | Killed Sigmund
  1147 | D:2      | Reached XP level 4. HP: 35/35 MP: 4/4
  1147 | D:2      | Reached XP level 5. HP: 41/41 MP: 5/5
  1451 | D:2      | Noticed Natasha
  1459 | D:2      | Killed Natasha
  1591 | D:3      | Reached ** piety under Trog
  1592 | D:3      | Reached XP level 6. HP: 47/47 MP: 6/6
  1750 | D:3      | Found a snail-covered altar of Cheibriados.
  1806 | D:3      | Found a sacrificial altar of Ru.
  2405 | D:3      | Found a sparkling altar of Nemelex Xobeh.
  2442 | D:3      | Found a stormy altar of Qazlal.
  2938 | D:4      | Found Lioleqo's Antique Weapon Emporium.
  2965 | D:4      | Noticed Menkaure
  2973 | D:4      | Killed Menkaure
  2974 | D:4      | Reached skill level 1 in Dodging
  2974 | D:4      | Reached XP level 7. HP: 36/53 MP: 7/7
  3089 | D:4      | Found a bloodstained altar of Trog.
  3109 | D:4      | Reached *** piety under Trog
  3323 | D:4      | Reached skill level 5 in Polearms
  3385 | D:5      | Entered Level 5 of the Dungeon
  3385 | D:5      | Found Ocurr's Antique Weapon Shop.
  3523 | D:5      | Found an ancient bone altar of Kikubaaqudgha.
  3715 | D:5      | Reached XP level 8. HP: 60/60 MP: 8/8
  4448 | D:6      | Found an iron altar of Okawaru.
  4508 | D:6      | Identified the +4 ring mail of Nihilism {Rampage rElec
                  | Int+4}
  4618 | D:6      | Reached skill level 5 in Shields
  4720 | D:6      | Reached skill level 1 in Stealth
  4927 | D:6      | Identified a scroll of acquirement
  4927 | D:6      | Acquired the +3 crystal plate armour "Reblerik" {*Corrode
                  | rPois rN+ Slay+3}
  5120 | D:6      | Reached skill level 5 in Fighting
  5177 | D:7      | Identified the +5 robe "Towkopig" {Contam Fly rElec}
  5216 | D:7      | Reached XP level 9. HP: 50/68 MP: 9/9
  5252 | D:7      | Found Omarriz's Armour Shoppe.
  5284 | D:7      | Bought a +0 pair of gloves for 49 gold pieces
  5302 | D:7      | Reached skill level 5 in Armour
  5329 | D:7      | Found Vaecsoja's Antique Armour Shop.
  5353 | D:7      | Found Sulo's Assorted Antiques.
  5370 | D:7      | Bought a scroll labelled SAUGHU EMAN for 28 gold pieces
  5370 | D:7      | Bought 2 bubbling black potions for 50 gold pieces
  5384 | D:7      | Found Dafuc's General Store.
  5416 | D:7      | Bought a scroll of blinking for 90 gold pieces
  5561 | D:7      | Found a staircase to the Ecumenical Temple.
  5659 | D:7      | Found Zemumiel's Armour Emporium.
  5663 | D:7      | Bought a +0 cloak for 58 gold pieces
  6250 | D:8      | Found a sand-covered staircase.
  6268 | Ossuary  | Entered an ossuary
  6288 | Ossuary  | Reached **** piety under Trog
  6495 | Ossuary  | Acquired 1151 gold pieces
  6565 | D:8      | Reached ***** piety under Trog
  6709 | D:8      | Found an ornate altar of the Wu Jian Council.
  6875 | D:8      | Found a hide-covered altar of Uskayaw.
  7104 | D:7      | Bought the -2 hat of the Alchemist {rElec rPois rF+ rC+ rN+
                  | Will+ rMut rCorr} for 519 gold pieces
  7104 | D:7      | Found the -2 hat of the Alchemist {rElec rPois rF+ rC+ rN+
                  | Will+ rMut rCorr}
  7116 | D:7      | Bought a pair of embroidered gloves for 232 gold pieces
  7207 | D:9      | Reached XP level 10. HP: 76/76 MP: 10/10
  7224 | D:9      | Noticed a two-headed ogre
  7235 | D:9      | Killed a two-headed ogre
  7308 | D:9      | Found an opulent altar of Gozag.
  7324 | D:9      | Noticed a two-headed ogre
  7341 | D:9      | Killed a two-headed ogre
  7407 | D:9      | Reached skill level 10 in Polearms
  7513 | D:9      | Found a staircase to the Orcish Mines.
  7664 | D:9      | Noticed a two-headed ogre
  7677 | D:9      | Killed a two-headed ogre
  7724 | D:9      | Found a blossoming altar of Fedhas.
  7831 | D:9      | Found a radiant altar of Vehumet.
  7887 | D:9      | Found Udea's Jewellery Shop.
  7895 | D:9      | Bought an amulet of regeneration for 510 gold pieces
  8251 | D:10     | Entered Level 10 of the Dungeon
  8284 | D:10     | Identified the +2 battleaxe "Disuseil" {flame, rElec}
  8295 | D:10     | Noticed a two-headed ogre
  8302 | D:10     | Killed a two-headed ogre
  8499 | D:10     | Identified the amulet of Fedhas's Indignation {Faith rC-
                  | Str+5 Int+4}
  8611 | D:10     | Found a burning altar of Makhleb.
  8613 | D:10     | Noticed a cacodemon
  8917 | D:11     | Found a staircase to the Lair.
  8917 | D:11     | Noticed an elephant
  8929 | D:11     | Received a gift from Trog
  8942 | D:11     | Killed an elephant
  8949 | D:11     | Reached XP level 11. HP: 83/83 MP: 11/11
  9180 | D:11     | Noticed a boulder beetle
  9192 | D:11     | Killed a boulder beetle
  9331 | D:11     | Found a basalt altar of Yredelemnul.
  9891 | Lair:1   | Entered Level 1 of the Lair of Beasts
 10107 | Lair:1   | Reached XP level 12. HP: 94/94 MP: 12/12
 10163 | Lair:1   | Identified the +4 shortbow "Meduukk" {drain, Str+2 Int+2}
 10418 | Lair:1   | Noticed a catoblepas
 10426 | Lair:1   | Killed a catoblepas
 11199 | Lair:3   | Noticed a boulder beetle
 11241 | Lair:2   | Received a gift from Trog
 11295 | Lair:3   | Found a runed translucent gate.
 11312 | Lair:3   | Noticed an anaconda
 11313 | Lair:3   | Noticed Nuemoom's ghost (journeyman TrSh)
 11314 | Lair:3   | Found a runed translucent gate.
 11314 | Lair:3   | Noticed a death yak
 11321 | Lair:3   | Found a runed translucent gate.
 11390 | Lair:3   | Noticed a death yak
 11390 | Lair:3   | Noticed a death yak
 11390 | Lair:3   | Noticed a death yak
 11392 | Lair:3   | Noticed a death yak
 11392 | Lair:3   | Noticed a death yak
 11395 | Lair:3   | Killed a death yak
 11401 | Lair:3   | Killed a death yak
 11408 | Lair:3   | Killed a death yak
 11415 | Lair:3   | Killed a death yak
 11423 | Lair:3   | Killed a death yak
 11424 | Lair:3   | Reached XP level 13. HP: 66/101 MP: 13/13
 11456 | Lair:3   | Found a staircase to the Swamp.
 11800 | Lair:3   | Found a dark tunnel.
 11814 | Volcano  | Entered a volcano
 11973 | Volcano  | Reached skill level 10 in Fighting
 11977 | Volcano  | Noticed a stone giant
 12001 | Volcano  | Killed a stone giant
 12017 | Volcano  | Found a bloodstained altar of Trog.
 12157 | Lair:3   | Received a gift from Trog
 12305 | Lair:3   | Found a staircase to the Snake Pit.
 12612 | Lair:4   | Identified the "Ohacuace"
 13195 | Lair:4   | Found a staircase to the Slime Pits.
 13388 | Lair:5   | Entered Level 5 of the Lair of Beasts
 13465 | Lair:5   | Reached XP level 14. HP: 113/113 MP: 14/14
 13535 | Lair:5   | Reached skill level 15 in Polearms
 13759 | Lair:5   | Reached skill level 10 in Armour
 13823 | Lair:5   | Received a gift from Trog
 14130 | Lair:5   | Noticed Rupert
 14141 | Lair:5   | Killed Rupert
 14230 | Lair:5   | Reached skill level 10 in Shields
 16217 | D:13     | Noticed Snorg
 16223 | D:13     | Killed Snorg
 16336 | D:13     | Noticed Kirke
 16408 | D:13     | Killed Kirke
 16409 | D:13     | Reached XP level 15. HP: 122/122 MP: 15/15
 16597 | D:13     | Found a portal to a secret trove of treasure.
 16885 | D:14     | Noticed Louise
 16917 | D:14     | Killed Louise
 16925 | D:14     | Received a gift from Trog
 17342 | D:14     | Found a gate to the Vaults.
 17541 | D:15     | Entered Level 15 of the Dungeon
 17798 | D:15     | Found a staircase to the Depths.
 17980 | D:15     | Found a transporter.
 17999 | D:15     | Found a transporter.
 18094 | D:15     | Found a transporter.
 18096 | D:15     | Found a transporter.
 18569 | Orc:1    | Entered Level 1 of the Orcish Mines
 18758 | Orc:1    | Found a runed translucent gate.
 18758 | Orc:1    | Found a runed translucent gate.
 18758 | Orc:1    | Found a runed translucent gate.
 18797 | Orc:1    | Found an opulent altar of Gozag.
 18798 | Orc:1    | Noticed Egepnuer's ghost (journeyman HOFi)
 18814 | Orc:1    | Killed Egepnuer's ghost
 19100 | Orc:2    | Entered Level 2 of the Orcish Mines
 19100 | Orc:2    | Found a staircase to the Elven Halls.
 19351 | Orc:1    | HP: 5/124 [orc priest/divine providence (17)]
 19443 | Orc:1    | Reached ****** piety under Trog
 20009 | Orc:2    | Received a gift from Trog
 20091 | Orc:2    | Found Iphic's Antique Armour Shop.
 20092 | Orc:2    | Found Nexzyoc's Antique Weapon Shop.
 20094 | Orc:2    | Found Keux's General Store.
 20094 | Orc:2    | Found Ulio's Book Boutique.
 20186 | Orc:2    | Bought a scroll of brand weapon for 161 gold pieces
 20439 | Snake:1  | Entered Level 1 of the Snake Pit
 20453 | Snake:1  | Reached XP level 16. HP: 103/131 MP: 16/16
 20939 | Snake:1  | Received a gift from Trog
 21803 | Snake:2  | Found a hazy altar of Hepliaklqana.
 21917 | Snake:2  | Noticed Vashnia
 21943 | Snake:2  | Killed Vashnia
 22070 | Snake:2  | Received a gift from Trog
 22346 | Snake:2  | Identified the staff of the Charred God {rPois rC- rCorr
                  | Dex+5 SInv Poison}
 22415 | Snake:2  | Found Wesekk's Book Shop.
 22415 | Snake:2  | Found Wemior's Jewellery Emporium.
 22416 | Snake:2  | Found Jiojas's Jewellery Emporium.
 22731 | Snake:3  | Identified the +0 triple sword of Checkmate {pain, rElec
                  | rF+++ rC- Dex-5}
 22740 | Snake:3  | Identified the +0 short sword of Disintegration {flame, rN+
                  | SInv}
 22812 | Snake:3  | Reached XP level 17. HP: 140/140 MP: 4/17
 23457 | Snake:4  | Entered Level 4 of the Snake Pit
 23483 | Snake:4  | Received a gift from Trog
 23784 | Snake:4  | Identified the +4 flail of Laceration {antimagic, Str+3
                  | Int+3}
 23839 | Snake:4  | Reached skill level 15 in Fighting
 23877 | Snake:4  | Identified the serpent talisman "Mudotiopt" {Str+2}
 23877 | Snake:4  | Noticed Aizul
 23891 | Snake:4  | Killed Aizul
 24212 | Snake:4  | Identified the +7 spear "Ladiuc" {heavy, Dex+2} (Trog
                  | gifted it to you on level 4 of the Snake Pit)
 24212 | Snake:4  | Received a gift from Trog
 24581 | Snake:4  | Got a serpentine rune of Zot
 24896 | Lair:3   | Killed Nuemoom's ghost
 25072 | Swamp:1  | Entered Level 1 of the Swamp
 25143 | Swamp:1  | Reached XP level 18. HP: 146/151 MP: 18/18
 26451 | Swamp:3  | Identified the "Vetugap"
 26488 | Swamp:3  | Received a gift from Trog
 26855 | Swamp:3  | Found a frozen archway.
 26865 | IceCv    | Entered an ice cave
 27666 | Swamp:3  | Reached skill level 15 in Shields
 27885 | Swamp:4  | Entered Level 4 of the Swamp
 27918 | Swamp:4  | Received a gift from Trog
 28644 | Swamp:4  | Noticed a bone dragon
 28664 | Swamp:4  | Killed a bone dragon
 28801 | Swamp:4  | Got a decaying rune of Zot
 29072 | Vaults:1 | Entered Level 1 of the Vaults
 29349 | Vaults:1 | Received a gift from Trog
 29381 | Vaults:1 | Reached XP level 19. HP: 115/159 MP: 19/19
 29719 | Vaults:1 | Noticed Nikola
 29725 | Vaults:1 | Killed Nikola
 29989 | Vaults:1 | Paralysed by a sphinx for 3 turns
 30345 | Vaults:1 | Paralysed by a formless jellyfish for 1 turns
 30662 | Vaults:2 | Received a gift from Trog
 30942 | Vaults:2 | HP: 7/161 [ironbound frostheart/creeping frost (6)]
 31306 | Vaults:2 | Identified the +8 sling "Rikyomut" {heavy, rPois Str-2
                  | Dex+3}
 31515 | Vaults:2 | Received a gift from Trog
 31816 | Vaults:3 | Identified the of Uhyodu
 31816 | Vaults:3 | Identified the of Kekh
 31816 | Vaults:3 | Identified the of Ymosm
 31816 | Vaults:4 | Identified the "Plog"
 31816 | Vaults:5 | Identified the of Zopuin
 31816 | Elf:1    | Entered Level 1 of the Elven Halls
 31841 | Elf:1    | Found a radiant altar of Vehumet.
 31847 | Elf:1    | Paralysed by an air elemental for 1 turns
 32115 | Elf:1    | Reached XP level 20. HP: 158/170 MP: 20/20
 32329 | Elf:1    | Found Meol's Magic Scroll Shoppe.
 32337 | Elf:1    | Bought a scroll of enchant weapon for 105 gold pieces
 32337 | Elf:1    | Bought a scroll of enchant weapon for 105 gold pieces
 32337 | Elf:1    | Bought a scroll of teleportation for 42 gold pieces
 32339 | Elf:1    | Found Leykk's Assorted Antiques.
 32409 | Elf:1    | Received a gift from Trog
 32493 | Elf:2    | Found a runed translucent gate.
 32493 | Elf:2    | Found a runed translucent gate.
 32496 | Elf:2    | Found a runed translucent gate.
 33669 | Vaults:3 | Received a gift from Trog
 33741 | Vaults:3 | Found Buuxzit's Jewellery Shop.
 34634 | Vaults:3 | Found a staircase to the Crypt.
 35056 | Vaults:4 | Received a gift from Trog
 35275 | Vaults:4 | Noticed an ancient lich
 35299 | Vaults:4 | Killed an ancient lich
 35361 | Vaults:4 | Identified the +2 chain mail of an ice cave {rC+ Str+3
                  | Slay+2 Stlth+}
 35493 | Vaults:4 | Identified the +7 chain mail "Noroj" {rN+ Regen+}
 35586 | Vaults:4 | Found Amam Qua's Weapon Emporium.
 35692 | Vaults:4 | Received a gift from Trog
 36259 | Depths:1 | Entered Level 1 of the Depths
 36520 | Depths:1 | Found a gateway to Hell.
 36715 | Depths:1 | Reached XP level 21. HP: 174/182 MP: 21/21
 36875 | Depths:1 | Identified the +2 lajatang "Uhavyo" {freeze, Str+2 Dex+3}
 36994 | Depths:1 | Received a gift from Trog
 37189 | Depths:1 | Found a faded altar of an unknown god.
 37191 | Depths:1 | Found a hazy altar of Hepliaklqana.
 37205 | Depths:1 | Noticed a dread lich
 37215 | Depths:1 | Killed a dread lich
 37550 | Depths:2 | Noticed Tosh's ghost (veteran HOFi)
 37553 | Depths:2 | Found a runed translucent door.
 37606 | Depths:2 | Found a one-way gateway to a ziggurat.
 37944 | Depths:2 | Found a one-way gate to the infinite horrors of the Abyss.
 38072 | Depths:2 | Reached skill level 15 in Armour
 38174 | Depths:2 | Found a transporter.
 38178 | Depths:2 | Found a viscous altar of Jiyva.
 38178 | Depths:2 | Found a transporter.
 38498 | Depths:2 | Found a one-way gate leading to the halls of Pandemonium.
 38780 | D:7      | Bought the +9 scales of the Dragon King {rPois rF+ rC+
                  | Will+} for 3494 gold pieces
 38780 | D:7      | Found the +9 scales of the Dragon King {rPois rF+ rC+
                  | Will+}
 39173 | Depths:3 | Noticed a golden dragon
 39189 | Depths:3 | Killed a golden dragon
 39200 | Depths:3 | Noticed a golden dragon
 39202 | Depths:3 | Received a gift from Trog
 39214 | Depths:3 | Killed a golden dragon
 39287 | Depths:3 | Noticed a juggernaut
 39801 | Depths:3 | Killed a juggernaut
 39925 | Depths:3 | Found a runed translucent door.
 39931 | Depths:3 | Reached XP level 22. HP: 191/194 MP: 22/22
 40197 | Depths:3 | Received a gift from Trog
 40406 | Depths:3 | Found Big Baal Hell's Store.
 40779 | Depths:3 | Paralysed by an air elemental for 1 turns
 40781 | Depths:3 | Paralysed by an air elemental for 1 turns
 40789 | Depths:3 | Paralysed by an air elemental for 1 turns
 40800 | Depths:3 | Paralysed by an air elemental for 1 turns
 40810 | Depths:3 | Paralysed by an air elemental for 1 turns
 40815 | Depths:3 | Paralysed by an air elemental for 1 turns
 40819 | Depths:3 | Paralysed by an air elemental for 1 turns
 40824 | Depths:3 | Paralysed by an air elemental for 1 turns
 40828 | Depths:3 | Paralysed by an air elemental for 1 turns
 40834 | Depths:3 | Paralysed by an air elemental for 1 turns
 40839 | Depths:3 | Paralysed by an air elemental for 1 turns
 40852 | Depths:3 | Paralysed by an air elemental for 1 turns
 40981 | Depths:4 | Entered Level 4 of the Depths
 41003 | Depths:4 | Received a gift from Trog
 41045 | Depths:4 | Noticed a golden dragon
 41108 | Depths:3 | Killed a golden dragon
 41133 | Depths:4 | Noticed a golden dragon
 41236 | Depths:4 | Killed a golden dragon
 41276 | Depths:4 | Noticed a caustic shrike
 41276 | Depths:4 | Noticed a caustic shrike
 41285 | Depths:4 | Noticed a caustic shrike
 41287 | Depths:4 | Noticed a caustic shrike
 41293 | Depths:4 | Killed a caustic shrike
 41309 | Depths:4 | Killed a caustic shrike
 41312 | Depths:4 | Killed a caustic shrike
 41325 | Depths:4 | Killed a caustic shrike
 41332 | Depths:4 | Identified the +9 hand axe of Conformity {heavy, Str+3}
 41340 | Depths:4 | Noticed a golden dragon
 41371 | Depths:4 | Killed a golden dragon
 41597 | Depths:4 | Found Saheicul's Distillery.
 41618 | Depths:4 | Bought a potion of heal wounds for 90 gold pieces
 41618 | Depths:4 | Bought a potion of curing for 54 gold pieces
 41919 | Depths:4 | Found Beaschor's Antique Weapon Boutique.
 41963 | Depths:4 | Found a bloodstained altar of Trog.
 42430 | Depths:4 | Found a gate to the Realm of Zot.
 42790 | Elf:2    | Received a gift from Trog
 43178 | Elf:3    | Identified the "Diyry"
 43178 | Elf:3    | Entered Level 3 of the Elven Halls
 43319 | Elf:3    | Found Xuffur's Self-Improvement Boutique.
 43506 | Elf:3    | Reached XP level 23. HP: 192/203 MP: 23/23
 43708 | Elf:3    | Identified the +7 short sword of the Blushing Gods {flame,
                  | Contam rElec rC+}
 43759 | Elf:3    | Received a gift from Trog
 44117 | Elf:3    | Identified the +3 orcbow of Fimbulwinter {flame, rElec
                  | rCorr}
 44146 | Elf:3    | Identified the scarf of Reelee Icess {harm, Fly Int+5}
 45116 | Vaults:5 | Entered Level 5 of the Vaults
 45117 | Vaults:5 | Noticed an ancient lich
 45129 | Vaults:5 | Noticed an ancient lich
 45144 | Vaults:5 | Killed an ancient lich
 45178 | Vaults:5 | Received a gift from Trog
 45524 | Vaults:5 | Identified the +1 plate armour of Pathos {rN++ Str-2}
 45615 | Vaults:5 | Noticed Mara
 45624 | Vaults:5 | Killed Mara
 45652 | Vaults:5 | Identified the +4 lajatang "Fale" {holy, Dex+3}
 46187 | Vaults:5 | Identified the +0 robe of Kikubaaqudgha's Pride {Rampage
                  | Will+ Dex+3}
 46257 | Vaults:5 | Received a gift from Trog
 46258 | Vaults:5 | Reached XP level 24. HP: 133/214 MP: 23/23
 46316 | Vaults:5 | Killed an ancient lich
 46343 | Vaults:5 | Noticed an ancient lich
 46360 | Vaults:5 | Killed an ancient lich
 46388 | Vaults:5 | Reached skill level 1 in Evocations
 46451 | Vaults:5 | Got a silver rune of Zot
 46610 | Vaults:5 | Identified the ring "Rowkiake" {rPois rF+ rN+ Int+3 Dex-5}
 46870 | Vaults:5 | Received a gift from Trog
 47808 | Crypt:1  | Entered Level 1 of the Crypt
 47822 | Crypt:1  | Noticed Bai Suzhen
 47840 | Crypt:1  | Killed Bai Suzhen
 48570 | Crypt:2  | Noticed Margery
 48572 | Crypt:2  | Noticed Jory
 48589 | Crypt:2  | Killed Margery
 48595 | Crypt:2  | Killed Jory
 48723 | Crypt:2  | Noticed Xtahua
 48736 | Crypt:2  | Killed Xtahua
 49254 | Crypt:2  | Received a gift from Trog
 49480 | Crypt:3  | Entered Level 3 of the Crypt
 49632 | Crypt:3  | Found an ancient bone altar of Kikubaaqudgha.
 49985 | Crypt:3  | Identified the +7 battleaxe "Grim Tooth" {antimagic, Will++
                  | Str-4 Stlth+} (Trog gifted it to you on level 3 of the
                  | Crypt)
 49985 | Crypt:3  | Received a gift from Trog
 49986 | Crypt:3  | Reached XP level 25. HP: 223/223 MP: 23/23
 50150 | Crypt:3  | Found a staircase to the Tomb.
 50150 | Crypt:3  | Noticed Khufu
 50158 | Crypt:3  | Killed Khufu
 50254 | Crypt:3  | Identified the ring of Jozatsih {rF+ rN+}
 50254 | Crypt:3  | Identified the ring of Reimbursement {rN+ Int+4}
 50254 | Crypt:3  | Identified the ring "Cezemn" {rElec rN+ Int+2}
 50265 | Crypt:3  | Found the +3 pair of mountain boots {steadfast, rC+}
 50548 | Crypt:3  | Acquired a +5 vampiric demon trident
 51490 | Zot:1    | Entered Level 1 of the Realm of Zot
 51880 | Depths:2 | Fell from the grace of Trog
 51880 | Depths:2 | Became a worshipper of Jiyva Juyniuk the Shapeless
 51888 | Depths:2 | Identified the ring of Satisfaction {Fly rElec rF+ Slay+3}
 51933 | Depths:2 | Voluntarily entered the Abyss.
 52198 | Abyss:1  | Reached * piety under Jiyva
 52431 | Abyss:1  | Paralysed by accursed screaming for 1 turns
 52673 | Abyss:1  | Reached ** piety under Jiyva
 52715 | Abyss:1  | Found a corrupted altar of Lugonu.
 52721 | Abyss:1  | Found a corrupted altar of Lugonu.
 53160 | Abyss:1  | Reached *** piety under Jiyva
 53215 | Abyss:1  | Identified the "Capn"
 53215 | Abyss:1  | Identified the "Jiklaame"
 53215 | Abyss:1  | Identified the of Coleucun
 53215 | Abyss:1  | Identified the "Xeuvuh"
 53215 | Abyss:1  | Identified the of Hashuaxy
 53215 | Abyss:1  | Identified the of Myumuask
 53215 | Abyss:1  | Identified the "Utit"
 53215 | Abyss:1  | Identified the "Etrucu"
 53215 | Abyss:1  | Identified the "Gaudisy"
 53215 | Abyss:1  | Identified the of Jovippuh
 53215 | Abyss:1  | Identified the of Tesuum
 53215 | Abyss:1  | Identified the "Aciolefaann"
 53309 | Abyss:1  | Gained mutation: You are covered in slimy tendrils that may
                  | disarm your opponents. [Jiyva's grace]
 53309 | Abyss:1  | Gained mutation: Your rubbery body absorbs attacks. (AC +1,
                  | EV +1) [Jiyva's grace]
 53309 | Abyss:1  | Gained mutation: Your pliable body absorbs attacks. (AC +2,
                  | EV +2) [Jiyva's grace]
 53309 | Abyss:1  | Gained mutation: Your gelatinous body deflects attacks. (AC
                  | +3, EV +3) [Jiyva's grace]
 53428 | Abyss:1  | Found a corrupted altar of Lugonu.
 53474 | Abyss:1  | Reached **** piety under Jiyva
 53642 | Abyss:2  | Paralysed by Trog for 5 turns
 54249 | Abyss:2  | Paralysed by accursed screaming for 1 turns
 54280 | Abyss:2  | Paralysed by accursed screaming for 1 turns
 54314 | Abyss:2  | Paralysed by accursed screaming for 1 turns
 54419 | Depths:2 | Escaped the Abyss
 54544 | Depths:2 | Voluntarily entered the Abyss.
 55174 | Abyss:2  | Found a corrupted altar of Lugonu.
 55648 | Abyss:2  | Reached XP level 26. HP: 233/233 MP: 23/23
 55983 | Abyss:2  | Found a corrupted altar of Lugonu.
 56011 | Abyss:2  | Paralysed by accursed screaming for 2 turns
 56028 | Abyss:2  | Paralysed by accursed screaming for 1 turns
 56065 | Abyss:2  | Gained mutation: Your flesh is heat resistant. (rF+)
                  | [Jiyva's grace]
 56065 | Abyss:2  | Gained mutation: Your flesh is very heat resistant. (rF++)
                  | [Jiyva's grace]
 56065 | Abyss:2  | Gained mutation: Your flesh is almost immune to the effects
                  | of heat. (rF+++) [Jiyva's grace]
 56065 | Abyss:2  | Gained mutation: You are partially covered in iridescent
                  | scales. (AC +2) [Jiyva's grace]
 56348 | Abyss:2  | Found a corrupted altar of Lugonu.
 56354 | Abyss:2  | Found a corrupted altar of Lugonu.
 56492 | Abyss:2  | Lost mutation: You are covered in slimy tendrils that may
                  | disarm your opponents. [a neqoxec]
 56597 | Abyss:2  | Reached ***** piety under Jiyva
 56859 | Abyss:2  | Lost mutation: Your flesh is almost immune to the effects
                  | of heat. (rF+++) [a neqoxec]
 56922 | Abyss:2  | Paralysed by accursed screaming for 1 turns
 57175 | Abyss:2  | Reached skill level 5 in Stealth
 57583 | Abyss:2  | Lost mutation: You are partially covered in iridescent
                  | scales. (AC +2) [Jiyva's grace]
 57583 | Abyss:2  | Gained mutation: You are covered in slimy tendrils that may
                  | disarm your opponents. [Jiyva's grace]
 57583 | Abyss:2  | Gained mutation: You have large cloven feet. [Jiyva's
                  | grace]
 57583 | Abyss:2  | Gained mutation: You have hoof-like feet. [Jiyva's grace]
 57583 | Abyss:2  | Gained mutation: You have hooves in place of feet. [Jiyva's
                  | grace]
 57709 | Abyss:2  | Paralysed by accursed screaming for 1 turns
 58100 | Abyss:3  | Paralysed by Trog for 7 turns
 58139 | Abyss:3  | Reached ****** piety under Jiyva
 58259 | Abyss:3  | Paralysed by accursed screaming for 1 turns
 58315 | Abyss:4  | Found a corrupted altar of Lugonu.
 58330 | Abyss:4  | Found a corrupted altar of Lugonu.
 58367 | Abyss:4  | Found a runed translucent door.
 58415 | Abyss:4  | Found a corrupted altar of Lugonu.
 58472 | Abyss:4  | Gained mutation: Armour fits poorly on your strangely
                  | shaped body. [a neqoxec]
 59112 | Abyss:4  | Reached XP level 27. HP: 236/244 MP: 20/20
 59283 | Depths:2 | Escaped the Abyss
 59407 | Depths:2 | Voluntarily entered the Abyss.
 59575 | Abyss:4  | Noticed a dread lich
 59589 | Abyss:4  | Killed a dread lich
 59612 | Abyss:4  | Lost mutation: Armour fits poorly on your strangely shaped
                  | body. [Jiyva's grace]
 59612 | Abyss:4  | Gained mutation: You are resistant to electric shocks.
                  | (rElec) [Jiyva's grace]
 59612 | Abyss:4  | Gained mutation: You have a small jelly attached to you
                  | that may absorb projectiles. [Jiyva's grace]
 59612 | Abyss:4  | Gained mutation: Armour fits poorly on your pseudopods.
                  | [Jiyva's grace]
 59612 | Abyss:4  | Gained mutation: Armour fits poorly on your large
                  | pseudopods. [Jiyva's grace]
 59981 | Depths:2 | Escaped the Abyss
 60117 | Depths:2 | Killed Tosh's ghost
 60182 | Depths:2 | Voluntarily entered the Abyss.
 60183 | Abyss:4  | Found a corrupted altar of Lugonu.
 60296 | Abyss:4  | Found a corrupted altar of Lugonu.
 60332 | Abyss:4  | Found a corrupted altar of Lugonu.
 60332 | Abyss:4  | Found a corrupted altar of Lugonu.
 60332 | Abyss:4  | Found a corrupted altar of Lugonu.
 60407 | Abyss:4  | Found a corrupted altar of Lugonu.
 60447 | Abyss:4  | Paralysed by accursed screaming for 1 turns
 60466 | Abyss:4  | Paralysed by accursed screaming for 1 turns
 60498 | Abyss:4  | Found a corrupted altar of Lugonu.
 60551 | Abyss:4  | Found a corrupted altar of Lugonu.
 60632 | Abyss:4  | Gained mutation: You are dopey. (Int -2) [a neqoxec]
 60648 | Abyss:4  | Found a corrupted altar of Lugonu.
 60667 | Abyss:4  | Found a corrupted altar of Lugonu.
 60787 | Abyss:4  | Found a hazy altar of Hepliaklqana.
 60794 | Abyss:4  | Paralysed by accursed screaming for 1 turns
 60818 | Abyss:5  | Found a corrupted altar of Lugonu.
 61204 | Abyss:5  | Lost mutation: You have hooves in place of feet. [a
                  | neqoxec]
 61247 | Depths:2 | Escaped the Abyss
 61275 | Depths:2 | Voluntarily entered the Abyss.
 61492 | Abyss:5  | Found a corrupted altar of Lugonu.
 61597 | Abyss:5  | Paralysed by accursed screaming for 2 turns
 61737 | Depths:2 | Escaped the Abyss
 61778 | Depths:2 | Voluntarily entered the Abyss.
 62021 | Abyss:5  | Lost mutation: You have hoof-like feet. [Jiyva's grace]
 62021 | Abyss:5  | Lost mutation: You are dopey. (Int -2) [Jiyva's grace]
 62021 | Abyss:5  | Lost mutation: Your gelatinous body deflects attacks. (AC
                  | +3, EV +3) [Jiyva's grace]
 62021 | Abyss:5  | Lost mutation: You are covered in slimy tendrils that may
                  | disarm your opponents. [Jiyva's grace]
 62021 | Abyss:5  | Lost mutation: You have a small jelly attached to you that
                  | may absorb projectiles. [Jiyva's grace]
 62021 | Abyss:5  | Gained mutation: Your muscles are strong. (Str +4, Int/Dex
                  | -1) [Jiyva's grace]
 62021 | Abyss:5  | Gained mutation: Your muscles are very strong. (Str +8,
                  | Int/Dex -2) [Jiyva's grace]
 62021 | Abyss:5  | Gained mutation: Your translucent skin slightly reduces
                  | your foes' accuracy. (Stealth+) [Jiyva's grace]
 62021 | Abyss:5  | Gained mutation: Your translucent skin reduces your foes'
                  | accuracy. (Stealth+) [Jiyva's grace]
 62056 | Abyss:5  | Got an abyssal rune of Zot
 62096 | Abyss:5  | Paralysed by accursed screaming for 1 turns
 62140 | Abyss:5  | Paralysed by accursed screaming for 2 turns
 62150 | Abyss:5  | Paralysed by accursed screaming for 2 turns
 62238 | Depths:2 | Escaped the Abyss
 62959 | Zot:1    | Identified the ring "Buse" {Ice rPois MP+9 Dex+3}
 62959 | Zot:1    | Noticed Josephina
 62973 | Zot:1    | Killed Josephina
 63400 | Zot:2    | Noticed Vv
 63422 | Zot:2    | Killed Vv
 63782 | Zot:2    | Noticed an orb of fire
 63801 | Zot:2    | Gained mutation: Armour fits poorly on your strangely
                  | shaped body. [an orb of fire]
 63812 | Zot:2    | Gained mutation: You occasionally lose the ability to read
                  | scrolls when taking damage. [an orb of fire]
 63817 | Zot:2    | Killed an orb of fire
 63818 | Zot:2    | Reached skill level 27 in Fighting
 64827 | Zot:3    | Lost mutation: Your muscles are very strong. (Str +8,
                  | Int/Dex -2) [Jiyva's grace]
 64827 | Zot:3    | Lost mutation: Your pliable body absorbs attacks. (AC +2,
                  | EV +2) [Jiyva's grace]
 64827 | Zot:3    | Lost mutation: Your translucent skin reduces your foes'
                  | accuracy. (Stealth+) [Jiyva's grace]
 64827 | Zot:3    | Gained mutation: You have a somewhat thin skeletal
                  | structure. (Dex +2, Stealth+) [Jiyva's grace]
 64827 | Zot:3    | Gained mutation: You have a moderately thin skeletal
                  | structure. (Dex +4, Stealth++) [Jiyva's grace]
 64827 | Zot:3    | Gained mutation: You have an unnaturally thin skeletal
                  | structure. (Dex +6, Stealth+++) [Jiyva's grace]
 64827 | Zot:3    | Gained mutation: Your muscles are very strong. (Str +8,
                  | Int/Dex -2) [Jiyva's grace]
 66080 | Zot:4    | Acquired 996 gold pieces
 66935 | Slime:1  | Entered Level 1 of the Pits of Slime
 66982 | Slime:5  | Entered Level 5 of the Pits of Slime
 67104 | Slime:5  | Got a slimy rune of Zot
 67216 | Slime:5  | Found a viscous altar of Jiyva.
 67312 | Slime:5  | Noticed the Royal Jelly
 67803 | Depths:2 | Voluntarily entered the Abyss.
 68023 | Abyss:5  | Lost mutation: You have large cloven feet. [Jiyva's grace]
 68023 | Abyss:5  | Lost mutation: You have an unnaturally thin skeletal
                  | structure. (Dex +6, Stealth+++) [Jiyva's grace]
 68023 | Abyss:5  | Lost mutation: Armour fits poorly on your strangely shaped
                  | body. [Jiyva's grace]
 68023 | Abyss:5  | Lost mutation: Your rubbery body absorbs attacks. (AC +1,
                  | EV +1) [Jiyva's grace]
 68023 | Abyss:5  | Lost mutation: Armour fits poorly on your large pseudopods.
                  | [Jiyva's grace]
 68023 | Abyss:5  | Gained mutation: You are covered in slimy tendrils that may
                  | disarm your opponents. [Jiyva's grace]
 68023 | Abyss:5  | Gained mutation: You are partially covered in iridescent
                  | scales. (AC +2) [Jiyva's grace]
 68023 | Abyss:5  | Gained mutation: You are mostly covered in iridescent
                  | scales. (AC +4) [Jiyva's grace]
 68023 | Abyss:5  | Gained mutation: You are completely covered in iridescent
                  | scales. (AC +6) [Jiyva's grace]
 68026 | Abyss:5  | Noticed an ancient lich
 68043 | Abyss:5  | Killed an ancient lich
 68214 | Abyss:5  | Reached skill level 27 in Polearms
 68236 | Depths:2 | Escaped the Abyss
 68342 | Depths:2 | Voluntarily entered the Abyss.
 68342 | Abyss:5  | Found a corrupted altar of Lugonu.
 68441 | Abyss:5  | Found a corrupted altar of Lugonu.
 68512 | Abyss:5  | Found a corrupted altar of Lugonu.
 68622 | Abyss:5  | Paralysed by an air elemental for 1 turns
 68668 | Abyss:5  | Identified the of Fiyph
 68668 | Abyss:5  | Identified the "Nakhlirog"
 68668 | Abyss:5  | Identified the "Efaesk"
 68668 | Abyss:5  | Identified the "Jucw"
 68668 | Abyss:5  | Identified the "Sehuqi"
 68668 | Abyss:5  | Identified the "Lety"
 68668 | Abyss:5  | Identified the "Orunk"
 68668 | Abyss:5  | Identified the of Jeagirche
 68668 | Abyss:5  | Identified the of Iqig
 68828 | Abyss:5  | Found a corrupted altar of Lugonu.
 69033 | Abyss:5  | Paralysed by accursed screaming for 2 turns
 69043 | Abyss:5  | Paralysed by accursed screaming for 1 turns
 69065 | Abyss:6  | Paralysed by accursed screaming for 1 turns
 69066 | Abyss:6  | Gained mutation: You are clumsy. (Dex -2) [a neqoxec]
 69203 | Abyss:6  | Reached skill level 27 in Shields
 69214 | Abyss:6  | Was forgiven by Trog
 69543 | Abyss:6  | Paralysed by you for 3 turns
 69564 | Abyss:6  | Paralysed by accursed screaming for 2 turns
 69567 | Abyss:6  | Identified the "Goireus"
 69592 | Abyss:6  | Found a runed translucent door.
 69596 | Abyss:6  | Noticed an ancient lich
 69617 | Abyss:6  | Identified the of Dapyz
 69617 | Abyss:6  | Found a shimmering blue altar of Sif Muna.
 69725 | Abyss:6  | Found a shimmering blue altar of Sif Muna.
 69790 | Depths:2 | Escaped the Abyss
 70040 | Zot:5    | Entered Level 5 of the Realm of Zot
 70245 | Zot:5    | Lost mutation: You are completely covered in iridescent
                  | scales. (AC +6) [Jiyva's grace]
 70245 | Zot:5    | Lost mutation: You have a moderately thin skeletal
                  | structure. (Dex +4, Stealth++) [Jiyva's grace]
 70245 | Zot:5    | Lost mutation: Your muscles are very strong. (Str +8,
                  | Int/Dex -2) [Jiyva's grace]
 70245 | Zot:5    | Lost mutation: Your translucent skin slightly reduces your
                  | foes' accuracy. (Stealth+) [Jiyva's grace]
 70245 | Zot:5    | Gained mutation: You are completely covered in iridescent
                  | scales. (AC +6) [Jiyva's grace]
 70245 | Zot:5    | Gained mutation: You have a pair of small horns on your
                  | head. [Jiyva's grace]
 70245 | Zot:5    | Gained mutation: You have a pair of horns on your head.
                  | [Jiyva's grace]
 70245 | Zot:5    | Gained mutation: You have a pair of large horns on your
                  | head. [Jiyva's grace]
 70260 | Zot:5    | Found a transporter.
 70395 | Zot:5    | Found a transporter.
 70410 | Zot:5    | Found a transporter.
 70511 | Zot:5    | Found a transporter.
 70639 | Zot:5    | a Killer Klown changed into a juggernaut
 70639 | Zot:5    | Noticed a juggernaut
 70643 | Zot:5    | Killed a juggernaut
 71005 | Zot:5    | Noticed an orb of fire
 71007 | Zot:5    | Gained mutation: Your body sometimes deteriorates upon
                  | taking damage. [an orb of fire]
 71016 | Zot:5    | Killed an orb of fire
 71161 | Zot:5    | Noticed a dread lich
 71203 | Zot:4    | Killed a dread lich
 71608 | Zot:5    | Noticed an orb of fire
 71612 | Zot:5    | Gained mutation: You have hidden genetic defects. [an orb
                  | of fire]
 71616 | Zot:5    | Gained mutation: Your body often deteriorates upon taking
                  | damage. [an orb of fire]
 71623 | Zot:5    | Killed an orb of fire
 72083 | Zot:5    | Noticed an orb of fire
 72084 | Zot:5    | Gained mutation: You occasionally shout uncontrollably at
                  | your foes. [an orb of fire]
 72096 | Zot:5    | Killed an orb of fire
 72399 | Zot:5    | Noticed an orb of fire
 72410 | Zot:5    | Gained mutation: Armour fits poorly on your strangely
                  | shaped body. [an orb of fire]
 72424 | Zot:5    | Gained mutation: You are dopey. (Int -2) [an orb of fire]
 72425 | Zot:5    | Lost mutation: Your muscles are strong. (Str +4, Int/Dex
                  | -1) [an orb of fire]
 72426 | Zot:5    | Killed an orb of fire
 75404 | Zot:5    | Noticed an orb of fire
 75414 | Zot:5    | Gained mutation: You are very dopey. (Int -4) [an orb of
                  | fire]
 75421 | Zot:5    | Gained mutation: Your magical capacity is low. (-10% MP)
                  | [an orb of fire]
 75426 | Zot:5    | Gained mutation: You occasionally lose the ability to drink
                  | potions when taking damage. [an orb of fire]
 75430 | Zot:5    | Killed an orb of fire
 75939 | Zot:5    | Noticed an orb of fire
 75941 | Zot:5    | Gained mutation: You sometimes lose your temper in combat.
                  | [an orb of fire]
 75945 | Zot:5    | Gained mutation: You sometimes lose the ability to read
                  | scrolls when taking damage. [an orb of fire]
 75952 | Zot:5    | Killed an orb of fire
 76143 | Zot:5    | Noticed an orb of fire
 76145 | Zot:5    | Gained mutation: You are vulnerable to cold. (rC-) [an orb
                  | of fire]
 76149 | Zot:5    | Gained mutation: You sometimes lose the ability to drink
                  | potions when taking damage. [an orb of fire]
 76164 | Zot:5    | Killed an orb of fire
 76240 | Zot:5    | Noticed a dread lich
 76249 | Zot:5    | Killed a dread lich
 77502 | Zot:5    | Gained mutation: You are frail. (-10% HP) [hidden defects]
 77876 | Zot:5    | Noticed an orb of fire
 77892 | Zot:5    | Killed an orb of fire
 78193 | Zot:5    | a Killer Klown changed into a juggernaut
 78193 | Zot:5    | Noticed a juggernaut
 78205 | Zot:5    | Killed a juggernaut
 78964 | Zot:5    | Reached skill level 1 in Unarmed Combat
 79166 | Zot:5    | Got the Orb of Zot
 79200 | Zot:5    | Noticed Jytoshy the pandemonium lord
 79212 | Zot:5    | Gained mutation: Potions are less effective at restoring
                  | your health. [hidden defects]
 79212 | Zot:5    | Lost mutation: You have hidden genetic defects. [hidden
                  | defects expressed]
 79218 | Zot:5    | Killed Jytoshy the pandemonium lord
 79221 | Zot:5    | Lost mutation: Your body often deteriorates upon taking
                  | damage. [mutagenic glow]
 79232 | Zot:5    | Gained mutation: You frequently scream uncontrollably at
                  | your foes. [mutagenic glow]
 79242 | Zot:5    | Gained mutation: Your magical capacity is very low. (-20%
                  | MP) [mutagenic glow]
 79263 | Zot:5    | Gained mutation: You are very clumsy. (Dex -4) [mutagenic
                  | glow]
 79860 | D:$      | Escaped with the Orb!

Illustrated notes

Levels and vault maps discovered:
D:1:      matt_arrival_diagonals, layout_basic,
          chequers_ecumenical_altar_simple_redux, roderic_lattice_a
D:2:      layout_loops_ring, uniq_sigmund, uniq_natasha
D:3:      layout_basic, nicolae_ru_awakened_eye, nemelex_spade_bored_becter,
          mainiacjoe_overflow_surrounded_room, slow_altar_1, chequers_avenue
D:4:      layout_cave_pools, trog_hazing_becter, serial_shops,
          nicolae_shop_tiny_statue_garden, uniq_menkaure
D:5:      layout_cave_pods, mainiacjoe_overflow_chevrons, serial_shops, shop
D:6:      minmay_skewed_foursquare, layout_gridville, amcnicky_altar_gilded
D:7:      layout_basic, minmay_temple_entry_slanted, serial_shops,
          nicolae_shop_window_shopping, shop, shop, shop, shop
D:8:      layout_cave_pools, lemuel_tele_altar,
          pdpol_wu_jian_five_deadly_venoms, lightli_ossuary_entry_decrepit_ruins
D:9:      layout_basic, vehumet_statue, mainiacjoe_overflow_boulevard,
          mainiacjoe_overflow_brackets, orc_0_dummy, serial_shops,
          nicolae_shop_gaudy_bauble, chequers_serial_rivers_room_a,
          roderic_st_hans_cross
D:10:     layout_basic, makhleb_altar_promises_db, minivault_5,
          nrook_pool_corridor
D:11:     layout_gridville, david_lair_generic, roadster_capsule_ark_zombie
D:12:     layout_layer_cave
D:13:     layout_cave_pools, nicolae_trove_entry_columns, zin_statuary,
          uniq_snorg, uniq_kirke
D:14:     layout_irregular_city, erik_vaults_2, ebering_dispersal_statue_hall,
          serial_bayou, serial_bayou_lake_a, serial_bayou_pond_c,
          serial_bayou_lagoon_a, serial_bayou_pond_d, uniq_louise
D:15:     hangedman_depths_entry_civil_slaughter, layout_loops_cross,
          nicolae_transporter_circle
Lair:1:   layout_hall_layers, grunt_megastairs_3
Lair:2:   layout_big_grid, roderic_batcave
Lair:3:   layout_regular_city, minmay_swamp_entry_swarm,
          nicolae_snake_entry_squirm, enter_volcano_1, gammafunk_ghost_split,
          serial_bayou_shore_a
Lair:4:   layout_misc_corridors, dpeg_slime_entry_corner
Lair:5:   minmay_lair_end_enchanted_forest, layout_layer_cave, uniq_rupert
Swamp:1:  layout_falls_marsh, evilmike_swamp_ruin_wall, swamp_pool2,
          nicolae_swamp_spooky_pond, infiniplex_staircase_pool_2
Swamp:2:  layout_falls_marsh, serial_swamp_ruin, evilmike_swamp_ruin_house_1,
          evilmike_swamp_ruin_rubble_1, swamp_pool3
Swamp:3:  layout_basic_swamp, portal_ice_cave_entry_pillars_2,
          nicolae_swamp_ascending_descending_big, hangedman_swamp_wriggling
Swamp:4:  swamp_pestilence, layout_basic_swamp, swamp_pool3
Snake:1:  layout_grid_shapes, grunt_megastairs_1, nicolae_triple_integral
Snake:2:  layout_misc_corridors, basic_altar, special_room,
          nicolae_zig_zag_zippers, minmay_shop_grove, grunt_megastairs_5,
          uniq_vashnia
Snake:3:  nicolae_snakescales, layout_cave_pods
Snake:4:  snake_pit, layout_rooms, uniq_aizul
Slime:1:  layout_caves
Slime:2:  layout_caves
Slime:3:  layout_caves
Slime:4:  layout_caves, basic_altar
Slime:5:  slime_pit_nicolae_inversion
Orc:1:    layout_caves, ebering_ghost_gozag
Orc:2:    st_orc_congregation, layout_caves, elves_outpost_lemuel
Elf:1:    eino_elf_arrival_altar, layout_gridlike,
          hangedman_elven_crosses_minicolossus, minmay_shop_star
Elf:2:    nicolae_elf_blades_splatter_lattice [mumra_blade_entry_bloodbath],
          layout_loops_corners, drop_trap
Elf:3:    grunt_elf_hall_diamonds, layout_onion_city, nicolae_shop_self_help
Vaults:1: vaults_room_pool, v_misc_30, v_misc_12, hangedman_vaults_cutoff,
          v_misc_1, v_misc_19, vaults_mumra_minichess_inversion,
          nicolae_vaults_little_squares_1, hangedman_vaults_unwind,
          nicolae_vaults_theta, nicolae_vaults_security_offices_2,
          vaults_room_semicircle, nicolae_vaults_tetromino_L_2,
          ontoclasm_vaults_fault, vaults_room_hallway, layout_vaults_big_cross,
          uniq_nikola
Vaults:2: v_misc_15, nicolae_vaults_triangles, vaults_mumra_hex,
          vaults_mumra_lcd, nicolae_vaults_lightning_bolt,
          nicolae_vaults_asterisk, vaults_dpeg_ring, vaults_room_large_hall,
          nicolae_vaults_doubleplus_tesselated, v_misc_10, v_pattern_3,
          nicolae_vaults_network_s, layout_vaults_maze
Vaults:3: nicolae_vaults_steering_wheel, nicolae_vaults_tetromino_L_1,
          nicolae_vaults_library_corner, blue_anna_dwarven_crypt,
          vaults_dpeg_cross, nicolae_vaults_more_shelving_2,
          vaults_dpeg_encased_lava, hangedman_vaults_snaps,
          ontoclasm_vaults_idyll, nicolae_vaults_tetromino_L_2,
          nicolae_vaults_trapezoid_3, nicolae_vaults_little_squares_4,
          v_misc_10, nicolae_vaults_surprise_closet, layout_vaults_omnigrid,
          serial_shops, nicolae_shop_window_shopping
Vaults:4: v_misc_2, nicolae_vaults_tetromino_T_2,
          nicolae_vaults_you_can_take_it_with_you, v_misc_11,
          nicolae_vaults_taking_the_gang_shopping, v_misc_29,
          nicolae_vaults_meiosis, nicolae_vaults_tetromino_L_1,
          nicolae_vaults_heart-shaped_vault, v_misc_8,
          nicolae_vaults_trapezoid_1, v_misc_14, layout_vaults_omnibox
Vaults:5: uniq_mara
Crypt:1:  layout_chaotic_city, uniq_bai_suzhen
Crypt:2:  layout_chaotic_city, uniq_xtahua, uniq_margery, uniq_jory
Crypt:3:  grunt_crypt_end_deaths_head
Depths:1: hellmonk_paralyzer, layout_cave_pools, pf_hell_entry_great_geh,
          beargit_hepliaklqana_dungeon_heroes
Depths:2: gammafunk_jiyva_shrine, layout_gridlike, enter_ziggurat_b, pan_entry,
          hell_entry, hellmonk_ghost_happy_afterlife, abyss_entry_crystal,
          kennysheep_generic_room_11
Depths:3: grunt_crosshair, layout_honeycomb, tso_metal_star,
          nicolae_hell_entry_big_baal_hell, abyss_entry, hangedman_aerie_drop,
          minmay_staircase_windowed_large
Depths:4: evilmike_zot_entry_diamond, layout_cave_pools, serial_bayou_pond_e,
          serial_shops, bzr_entry_safe, nicolae_shop_peninsula, shop,
          grunt_hell_entry_dis_grunt, pan_entry,
          nicolae_concentric_dashed_squares_wild, evilmike_spriggan_trog_shrine
Zot:1:    kennysheep_spiral_hall, layout_misc_corridors, uniq_josephina
Zot:2:    grunt_zot_stairs_mandelzot, layout_cellular_growth,
          regret_index_zotdec_under_construction, uniq_vv
Zot:3:    layout_onion
Zot:4:    layout_gridlike
Zot:5:    layout_onion, st_stairs_3, nicolae_transporter_intersection

Skill      XL: |  1  2  3  4  5  6  7  8  9 10 11 12 13 14 15 16 17 18 19 20 21 22 23 24 25 26 27 |
---------------+----------------------------------------------------------------------------------+-----
Fighting       | 3 4 5 6 8 9 11 12 13 14 15 16 17 19 21 22 23 24 25 27 | 27.0
Polearms       | 2 3 4 5 7 9 11 12 14 15 16 17 18 19 20 21 22 23 24 25 27 | 27.0
Shields        | 3 4 5 6 7 8 9 10 11 13 14 15 16 17 18 19 20 21 22 23 27 | 27.0
Armour         | 3 4 5 6 7 8 9 10 11 12 13 14 15 16 17 18 23 | 23.9
Dodging        | 1 2 |  2.1
Stealth        | 1 3 4 5 8 |  8.3
Evocations     | 1 4 |  4.1
Unarmed Combat | 1 |  1.4

Action                     |  1- 3 |  4- 6 |  7- 9 | 10-12 | 13-15 | 16-18 | 19-21 | 22-24 | 25-27 || total
---------------------------+-------+-------+-------+-------+-------+-------+-------+-------+-------++-------
  Melee: Trident           |    67 |   187 |   635 |   163 |       |       |       |       |       ||  1052
         Bite              |     5 |    17 |    61 |    82 |   116 |   202 |   331 |   291 |  1155 ||  2260
         Demon trident     |       |       |       |   432 |  1149 |  1876 |  1951 |  2124 |  7131 || 14663
         Kick              |       |       |       |       |       |       |       |       |  1068 ||  1068
         Pseudopods        |       |       |       |       |       |       |       |       |  1125 ||  1125
         Headbutt          |       |       |       |       |       |       |       |       |   170 ||   170
         Unarmed           |       |       |       |       |       |       |       |       |    11 ||    11
 Invoke: Berserk           |     2 |     2 |     8 |     7 |    19 |    27 |    17 |    27 |     2 ||   111
         Trog's Hand       |       |       |     4 |     1 |     3 |     7 |     5 |    11 |     2 ||    33
         Brothers in Arms  |       |       |       |     1 |     1 |     1 |     5 |     6 |     6 ||    20
         Oozemancy         |       |       |       |       |       |       |       |       |     8 ||     8
  Evoke: Lightning rod     |       |       |       |       |       |     4 |       |       |       ||     4
         Phantom mirror    |       |       |       |       |       |       |     1 |     1 |     8 ||    10
         Sack of spiders   |       |       |       |       |       |       |       |     1 |    10 ||    11
    Use: Scroll            |     7 |     3 |     8 |     1 |     3 |     1 |     8 |     2 |    15 ||    48
         Potion            |     2 |     1 |     7 |       |     4 |       |     3 |       |    14 ||    31
   Stab: Petrified         |       |       |       |       |     4 |       |       |       |     3 ||     7
         Distracted        |       |       |       |       |       |     1 |     1 |       |    12 ||    14
         Confused          |       |       |       |       |       |       |       |     1 |       ||     1
         Held in net/web   |       |       |       |       |       |       |       |       |     2 ||     2
 Armour: Scale mail        |    26 |    85 |       |       |       |       |       |       |       ||   111
         Plate armour      |       |    17 |   293 |       |       |       |       |       |       ||   310
         Crystal plate arm |       |       |   320 |   456 |   710 |   889 |   542 |       |       ||  2917
         Gold dragon scale |       |       |       |       |       |       |   128 |  1108 |  3144 ||  4380
         Skin              |       |       |       |       |       |       |       |       |     6 ||     6
  Dodge: Dodged            |    18 |    56 |   370 |   415 |   527 |   577 |   414 |   470 |   970 ||  3817
  Block: Buckler           |    14 |    36 |   211 |   159 |   110 |       |       |       |       ||   530
         Kite shield       |       |       |       |       |   311 |   847 |   769 |  1333 |  4255 ||  7515
         Tower shield      |       |       |       |       |    43 |       |       |       |       ||    43
         Reflection        |       |       |       |       |    14 |   114 |    59 |    55 |    99 ||   341

Table legend: (Time is in decaauts)
 A = Elapsed time spent in this place.
 B = Non-inter-level travel time spent in this place.
 C = Inter-level travel time spent in this place.
 D = Time resting spent in this place.
 E = Time spent auto-exploring this place.
 F = Levels seen in this place.
 G = Mean time per level.
                   A        B        C        D        E       F      G
               +--------+--------+--------+--------+--------+-----+--------+
         Total |  76956 |  68575 |   8381 |  11789 |  37423 |  71 | 1083.9 |
       Dungeon |  15825 |  13129 |   2696 |    699 |   9719 |  15 | 1055.0 |
          Lair |   5642 |   4848 |    794 |    374 |   3242 |   5 | 1128.4 |
         Swamp |   3373 |   3136 |    237 |    105 |   2210 |   4 |  843.2 |
     Snake Pit |   4204 |   3901 |    303 |    382 |   2281 |   4 | 1051.0 |
    Slime Pits |    574 |    385 |    189 |      0 |    367 |   5 |  114.8 |
  Orcish Mines |   1888 |   1725 |    163 |    389 |    880 |   2 |  944.0 |
   Elven Halls |   3353 |   2933 |    420 |      5 |   2032 |   3 | 1117.7 |
        Vaults |   8104 |   6836 |   1268 |    338 |   4673 |   5 | 1620.8 |
         Crypt |   3213 |   3097 |    116 |    260 |   1806 |   3 | 1071.0 |
        Depths |   7221 |   6076 |   1145 |    976 |   3431 |   4 | 1805.2 |
           Zot |  12873 |  11827 |   1046 |   7542 |   2619 |   5 | 2574.6 |
         Abyss |   9661 |   9661 |      0 |    623 |   3619 |  13 |  743.2 |
       Ossuary |    266 |    266 |      0 |      0 |    115 |   1 |  266.0 |
      Ice Cave |    522 |    522 |      0 |     80 |    301 |   1 |  522.0 |
       Volcano |    231 |    231 |      0 |     11 |    125 |   1 |  231.0 |
               +--------+--------+--------+--------+--------+-----+--------+

Top non-repeatable levels by time:
   Zot:5: 8934 daAuts
 Abyss:2: 3712 daAuts
Depths:2: 2261 daAuts
Vaults:5: 2204 daAuts
Depths:3: 2103 daAuts
 Abyss:5: 1949 daAuts
 Abyss:4: 1779 daAuts
Vaults:1: 1760 daAuts
    D:11: 1693 daAuts
    D:12: 1676 daAuts
Depths:4: 1656 daAuts
Vaults:3: 1602 daAuts
 Crypt:3: 1504 daAuts
  Lair:3: 1501 daAuts
   Elf:3: 1495 daAuts
